 Dungeon Crawl Stone Soup version 0.18.1-48-g4cf74bf (webtiles) character file.

765 theElss the Conjurer (level 7, -2/41 HPs)
             Began as a High Elf Conjurer on July 12, 2016.
             Slain by Prince Ribbit (18 damage)
             ... on level 5 of the Dungeon.
             The game lasted 00:19:33 (5083 turns).

theElss the Conjurer (High Elf Conjurer)            Turns: 5083, Time: 00:19:33

Health: -2/41      AC:  5    Str:  9    XL:     7   Next: 51%
Magic:  3/17       EV: 14    Int: 19    God:
Gold:   307        SH:  0    Dex: 16    Spells: 3 memorised, 11 levels left

rFire  . . .     SeeInvis .     q - +2 long sword (holy)
rCold  . . .     Gourm    .     a - +0 robe
rNeg   . . .     Faith    .     (no shield)
rPois  .         Spirit   .     (no helmet)
rElec  .         Dismiss  +     w - +2 cloak
rCorr  .         Reflect  .     (no gloves)
SustAt .         Harm     .     (no boots)
MR     .....                    v - amulet of dismissal
Stlth  ++........               (no ring)
                                (no ring)

@: not resistant to hostile enchantments, unstealthy
A: no striking features
a: no special abilities


You were on level 5 of the Dungeon.
You were not hungry.

You visited 1 branch of the dungeon, and saw 5 of its levels.
You also visited: Sewer.

You collected 307 gold pieces.

Inventory:

Hand Weapons
 q - a +2 long sword of holy wrath (weapon)
Armour
 a - a +0 robe (worn)
 w - a +2 cloak (worn)
Jewellery
 v - an amulet of dismissal (around neck)
Wands
 n - a wand of paralysis (13/24)
 t - a wand of flame (26/48)
 z - a wand of paralysis (8/24)
Scrolls
 h - 3 scrolls of blinking {unknown}
 j - 2 scrolls of identify {unknown}
 l - 2 scrolls of fog {unknown}
 m - 3 scrolls of amnesia {unknown}
 p - 3 scrolls of remove curse {unknown}
 u - a scroll of fear {unknown}
 y - a scroll of teleportation {unknown}
Potions
 d - a potion of cure mutation {unknown}
 e - 3 potions of might {unknown}
 f - 5 potions of curing {unknown}
 g - 4 potions of heal wounds {unknown}
 i - 2 potions of agility {unknown}
 k - 2 potions of lignification {unknown}
 o - a potion of cancellation {unknown}
 r - 6 potions of flight {unknown}
 s - 2 potions of brilliance {unknown}
Books
 b - a book of Conjurations

   Spells                             Type                      Level
   a - Magic Dart                     Conjuration                  1
   b - Searing Ray                    Conjuration                  2
   c - Dazzling Spray                 Conjuration/Hexes            3
   d - Fulminant Prism                Conjuration/Hexes            4
   e - Iskenderun's Mystic Blast      Conjuration                  4
   f - Iskenderun's Battlesphere      Conjuration/Charms           5
Comestibles
 c - 3 bread rations
 A - a meat ration


   Skills:
 + Level 0.8 Long Blades
 + Level 4.2 Dodging
 - Level 2.1 Stealth
 + Level 6.2 Spellcasting
 + Level 7.4 Conjurations


You had 11 spell levels left.
You knew the following spells:

 Your Spells              Type           Power        Failure   Level  Hunger
a - Magic Dart            Conj           ####         1%          1    None
c - Searing Ray           Conj           ####..       1%          2    None
d - Iskenderun's Mystic   Conj           ####....     6%          4    ####...


Dungeon Overview and Level Annotations

Branches:
Dungeon (5/15)
 Temple: D:4-7

Altars:
Okawaru
Sif Muna
The Shining One

Shops:
D:4 %

Annotations:
D:5 Prince Ribbit


Message History

The magic dart hits Prince Ribbit.
Prince Ribbit is moderately wounded.
Casting: Magic Dart
Confirm with . or Enter, or press ? or * to list all spells.
Aiming: Iskenderun's Mystic Blast
Press: ? - help, Shift-Dir - straight line, f/p - Prince Ribbit
Aim: Prince Ribbit (moderately wounded)
The orb of energy hits Prince Ribbit.
Prince Ribbit is heavily wounded.
Prince Ribbit hits you!
Casting: Iskenderun's Mystic Blast
Confirm with . or Enter, or press ? or * to list all spells.
Aiming: Searing Ray
Press: ? - help, Shift-Dir - straight line, f/p - Prince Ribbit
Aim: Prince Ribbit (heavily wounded)
The searing ray misses Prince Ribbit.
Prince Ribbit hits you! Prince Ribbit closely misses you.
Prince Ribbit hops awkwardly around.
Prince Ribbit hits you!!
You die...

####......###...# ##
.....###......# #...
....###....#### ..#
........#....# ####.#
....#####.##.####....#
###...###.##..#......#
#.#...#.###).......#
#..##.#...###..._).# .#
##.##..##..##.@F...#####.#
#.#.........#........... .
#
#<#.........##...####..)#..
####.#......... ###..##
.#.... ..##...........
##..##......
..........###.. ##).......#
#.....###...#.. ##.......#
#####.# ##... #...)..#..##
#... ##. .....#...## .#


You could see Prince Ribbit.

Vanquished Creatures
  2 big kobolds (Sewer)
  A scorpion (D:4)
  A hound (D:4)
  An orc priest (D:4)
  Crazy Yiuf (D:3)
  A giant frog skeleton (D:4)
  5 orc wizards (D:4)
  A centaur skeleton (D:4)
  3 worker ants
  4 gnolls (D:3)
  3 adders
  A shadow imp (D:5)
  3 oozes
  4 worms
  4 dart slugs
  2 giant geckos (D:3)
  14 orcs
  6 giant cockroaches
  9 goblins
  8 hobgoblins
  20 kobolds
  2 quokkas (D:3)
  9 ball pythons
  9 bats
  5 giant newts
  A jackal skeleton (D:4)
  13 rats
133 creatures vanquished.

Notes
Turn   | Place    | Note
--------------------------------------------------------------
     0 | D:1      | theElss the High Elf Conjurer began the quest for the Orb.
     0 | D:1      | Reached XP level 1. HP: 11/11 MP: 4/4
     5 | D:1      | Noticed a merfolk zombie
     6 | D:1      | Noticed a merfolk zombie
     7 | D:1      | Noticed a merfolk zombie
    16 | D:1      | Noticed a merfolk zombie
    18 | D:1      | Noticed a merfolk zombie
   185 | D:1      | Reached XP level 2. HP: 17/17 MP: 0/6
   189 | D:1      | Learned a level 2 spell: Searing Ray
   607 | D:1      | Reached skill level 5 in Conjurations
   755 | D:1      | Reached XP level 3. HP: 21/21 MP: 5/8
  1402 | D:2      | Found a glowing golden altar of the Shining One.
  1593 | D:3      | Reached XP level 4. HP: 27/27 MP: 4/9
  1599 | D:3      | Learned a level 4 spell: Iskenderun's Mystic Blast
  1836 | D:3      | Found a glowing drain.
  1858 | Sewer    | Entered a sewer
  1931 | Sewer    | Noticed a big kobold
  1938 | Sewer    | Killed a big kobold
  1938 | Sewer    | Reached XP level 5. HP: 31/31 MP: 2/12
  2145 | Sewer    | Reached skill level 6 in Conjurations
  2840 | D:3      | Reached XP level 6. HP: 36/36 MP: 9/14
  3389 | D:3      | Noticed Crazy Yiuf
  3397 | D:3      | Killed Crazy Yiuf
  3397 | D:3      | Reached skill level 5 in Spellcasting
  4162 | D:4      | Reached XP level 7. HP: 36/41 MP: 11/16
  4334 | D:4      | Found Lann's Food Shop.
  4368 | D:4      | Reached skill level 7 in Conjurations
  4404 | D:4      | Found an iron altar of Okawaru.
  4874 | D:4      | Found a deep blue altar of Sif Muna.
  4948 | D:5      | Entered Level 5 of the Dungeon
  5045 | D:5      | Found a deep blue altar of Sif Muna.
  5058 | D:5      | Noticed Prince Ribbit
  5083 | D:5      | Slain by Prince Ribbit

Skill      XL: |  1  2  3  4  5  6  7 |
---------------+----------------------+-----
Conjurations   | 5 6 7 |  7.4
Spellcasting   | 3 4 5 6 |  6.2
Dodging        | 3 4 |  4.2
Long Blades    | |  0.8
Stealth        | |  2.1

Action                   |  1- 3 |  4- 6 |  7- 9 || total
-------------------------+-------+-------+-------++-------
Melee: Unarmed           |     1 |     1 |       ||     2
       Long sword        |       |    21 |     4 ||    25
 Cast: Magic Dart        |    81 |   100 |    42 ||   223
       Searing Ray       |     1 |    24 |    11 ||    36
       Iskenderun's Myst |       |     2 |     1 ||     3
  Eat: Chunk             |     2 |     8 |     3 ||    13
Armor: Robe              |     3 |    17 |     2 ||    22
Dodge: Dodged            |     6 |    58 |    12 ||    76
